 Dungeon Sprint DCSS version 0.19-a0-1714-gcab94ab (webtiles) character file.

523654 Loading the End of an Era (level 21, 204/204 HPs)
             Began as a Formicid Fighter on Sept 28, 2016.
             Was the Champion of Qazlal.
             Escaped with the Orb!
             The game lasted 00:34:20 (4153 turns).

Loading the End of an Era (Formicid Fighter)        Turns: 4153, Time: 00:34:20

Health: 204/204    AC: 55    Str: 30    XL:     21   Next: 84%
Magic:  43/43      EV: 18    Int: 12    God:    Qazlal [******]
Gold:   0          SH: 46    Dex: 17    Spells: 0 memorised, 57 levels left

rFire  + + +     SeeInvis +     O - +7 great mace "Firestarter" {inner flame, rF++}
rCold  . . .     Gourm    .     a - +8 orange crystal plate armour {Archmagi, Int+3 Clar}
rNeg   + + .     Faith    .     N - +18 shield of the Gong {rElec rN+ MR+ EV-5}
rPois  .         Spirit   .     (helmet unavailable)
rElec  +         Dismiss  .     (no cloak)
rCorr  .         Reflect  .     C - +1 pair of gloves {archery}
MR     ++++.     Harm     .     W - +2 pair of boots {run}
Stlth  .......... Clarity  +    R - macabre finger necklace {rN+}
                                V - ring of Robustness {AC+8}
                                X - ring of Bompes {rF+ Str+7}
                                Q - ring of the Firefly {MR+ Slay+5}

@: studying Unarmed Combat, repel missiles, quick
A: permanent stasis, dig shafts and tunnels, four strong arms, antennae 3
a: Dig, Upheaval, Elemental Force, Disaster Area, Renounce Religion
0: Orb of Zot


You escaped.
You worshipped Qazlal.
Qazlal was exalted by your worship.
You were full.

You visited 1 branch

Inventory:

Hand Weapons
 M - the +10 dark maul {crush}
   (You found it in the Dungeon)

   It inflicts extra damage upon your enemies.
 O - the +7 great mace "Firestarter" (weapon) {inner flame, rF++}
   (You found it in the Dungeon)

   It has been specially enchanted to burn those struck by it, causing extra
   injury to most foes and up to half again as much damage against particularly
   susceptible opponents.
   It greatly protects you from fire.
Armour
 a - the +8 orange crystal plate armour (worn) {Archmagi, Int+3 Clar}
   (You found it in the Dungeon)

   It affects your intelligence (+3).
   It protects you against confusion.
 b - a +0 scale mail
 c - a +0 shield
 l - a +5 crystal plate armour
 m - a +5 gold dragon armour
 n - a +3 large shield
 C - a +1 pair of gloves of archery (worn)
 N - the +18 shield of the Gong (worn) {rElec rN+ MR+ EV-5}
   (You found it in the Dungeon)

   It affects your evasion (-5).
   It insulates you from electricity.
   It protects you from negative energy.
   It affects your resistance to hostile enchantments.
 W - a +2 pair of boots of running (worn)
Jewellery
 z - the amulet of Generosity {+Rage rElec rPois rC+++ Str-2}
   (You found it in the Dungeon)

   [amulet of rage]

   It affects your strength (-2).
   It renders you almost immune to cold.
   It insulates you from electricity.
   It protects you from poison.
   It lets you go berserk.
 D - the amulet "Faka" {RegenMP Int+4 Dex+9}
   (You took it off a deep elf sorcerer in the Dungeon)

   [amulet of magic regeneration]

   It increases your magic regeneration.
   It affects your intelligence (+4).
   It affects your dexterity (+9).
 G - an uncursed ring of protection from cold
 Q - the ring of the Firefly (on amulet) {MR+ Slay+5}
   (You found it in the Dungeon)

   [ring of protection from magic]

   It affects your accuracy and damage with ranged weapons and melee attacks
   (+5).
   It affects your resistance to hostile enchantments.
 R - the macabre finger necklace (around neck) {rN+}
   (You found it in the Dungeon)

   [amulet of nothing]

   It protects you from negative energy.
 U - the amulet of Vitality {Regen+ HP+15}
   (You took it off an orc knight in the Dungeon)

   [amulet of regeneration]

   It affects your health (+15).
   It increases your rate of regeneration.
 V - the ring of Robustness (right hand) {AC+8}
   (You found it in the Dungeon)

   [ring of protection]

   It affects your AC (+8).
 X - the ring of Bompes (left hand) {rF+ Str+7}
   (You found it in the Dungeon)

   [ring of protection from fire]

   It affects your strength (+7).
   It protects you from fire.
 Z - a cursed +5 amulet of reflection
Wands
 I - a wand of disintegration (7/24)
 J - a wand of iceblast (5/15)
 K - a wand of lightning (5/15)
 L - a wand of acid (5/15)
Scrolls
 k - 4 scrolls of blinking
 r - 5 scrolls of brand weapon
 t - 4 scrolls of amnesia
 u - 3 scrolls of recharging
 v - 8 scrolls of fog
 w - 2 scrolls of holy word
 x - 5 scrolls of identify
 y - 5 scrolls of remove curse
 H - 4 scrolls of enchant weapon
Potions
 d - 9 potions of might
 e - 9 potions of curing
 g - 11 potions of heal wounds
 h - 6 potions of haste
 i - 5 potions of magic
 j - 3 potions of berserk rage
 o - 2 potions of brilliance
 p - 2 potions of invisibility
 q - 4 potions of resistance
 s - 4 potions of agility
Books
 E - a manual of Unarmed Combat
 F - a book of Transfigurations

   Spells                             Type                      Level
   a - Irradiate                      Conjuration/Transmutation    5
   b - Statue Form                    Transmutation/Earth          6
   c - Hydra Form                     Transmutation                6
   d - Dragon Form                    Transmutation                7
Comestibles
 f - 5 bread rations
 A - 25 fruits
 B - 4 meat rations
 T - 3 royal jellies


   Skills:
 O Level 27 Fighting
 O Level 27 Maces & Flails
 O Level 27 Armour
 O Level 27 Dodging
 O Level 27 Shields
 + Level 18.7 Spellcasting
 O Level 27 Invocations
 O Level 27 Evocations


You had 57 spell levels left.
You didn't know any spells.

Dungeon Overview and Level Annotations

Branches:
Dungeon (1/1)

Altars:
Ashenzari
Cheibriados
Dithmenos
Elyvilon
Fedhas
Gozag
Hepliaklqana
Kikubaaqudgha
Makhleb
Nemelex Xobeh
Okawaru
Qazlal
Ru
Sif Muna
Trog
Uskayaw
Vehumet
Xom
Yredelemnul
Zin
The Shining One
Beogh
Jiyva
Lugonu


Innate Abilities, Weirdness & Mutations

You are under a permanent stasis effect.
You can dig through walls and to a lower floor.
Your four strong arms can wield two-handed weapons with a shield.
You have a pair of large antennae on your head. (SInv)


Message History

You start waiting.
H - 4 scrolls of enchant weapon You see here a great mace.
You see here an enchanted great mace.
Found a book of Changes.
Found a +1 giant club.
Found three items.
Found a glowing broad axe.
You see here a human corpse.
Unknown command.
Unknown command.
An exit appears before you!
Your surroundings seem different!
Found the Orb of Zot.
Found a staircase leading out of the dungeon.
You see here the Orb of Zot.
You pick up the Orb of Zot!
The Orb lets out a hideous shriek!
The lords of Pandemonium are not amused.
Beware!
Now all you have to do is get back out of the dungeon!
There is a staircase leading out of the dungeon here.
You have escaped!

............▓.............▓...8©8
............▓..▓.......▓..▓......
............▓.............▓......
............▓.............▓......
............▓.............▓......
............▓▓▓▓▓▓▓▓▓▓▓▓▓▓▓......
▓.......▓...▓8888888888888▓......
▓▓.....▓▓▓..▓8.§§........8▓..▓...
▓.......▓...▓8..@§§......8▓.▓....
............▓8..§........8▓......
............▓8888888888888▓▓▓▓▓▓▓
▓▓▓▓▓▓▓▓▓▓▓▓▓▓▓▓▓▓▓▓▓▓▓▓▓▓▓▓▓▓▓▓▓
...=)8©8:.......▓........8©8.....
:|}.).).|)..|)..▓.=:=.}[?=.)))=))
:)......}))))||.▓.}):|...)|}[[)\|
........).|..[..▓.}:).))..)}.=...
................▓..†.†....[:...:.


There were no monsters in sight!

Vanquished Creatures
  Cerebov (D)
  Asmodeus (D)
  the Serpent of Hell (D)
  Lom Lobon (D)
  Dispater (D)
  Khufu (D)
  Mennas (D)
  2 juggernauts (shapeshifter) (D)
  Margery (D)
  Saint Roka (D)
  Frederick (D)
  Jory (D)
  Geryon (D)
  A golden dragon (shapeshifter) (D)
  the Enchantress (D)
  An iron giant (shapeshifter) (D)
  4 hellephants (shapeshifter) (D)
  Rupert (D)
  8 liches (D)
  A titan (shapeshifter) (D)
  3 deep elf blademasters (D)
  Murray (D)
  A titan (D)
  15 deep elf master archers (D)
  Gastronok (D)
  Agnes (D)
  7 shadow dragons (D)
  Kirke (D)
  Ilsuiw (D)
  3 fire giants (D)
  Roxanne (D)
  2 ghost moths (D)
  A ghost moth (shapeshifter) (D)
  Aizul (D)
  9 deep elf sorcerers (D)
  3 ghouls (D)
  A deep elf elementalist (D)
  A reaper (D)
  An entropy weaver (D)
  8 stone giants (D)
  3 vampire knights (D)
  5 deep elf annihilators (D)
  Azrael (D)
  A spark wasp (shapeshifter) (D)
  Snorg (D)
  9 deep elf high priests (D)
  Harold (D)
  4 naga warriors (D)
  6 yaktaur captains (D)
  50 vault guards (D)
  A hydra (D)
  Erolcha (D)
  2 anacondas (shapeshifter) (D)
  2 anacondas (D)
  A hell hog (D)
  6 dancing weapons (D)
  A hell hog (shapeshifter) (D)
  4 vampire magi (D)
  2 hell knights (D)
  Nergalle (D)
  Urug (D)
  5 deep elf knights (D)
  A soul eater (D)
  3 shock serpents (shapeshifter) (D)
  4 small abominations (D)
  A shadow wraith (D)
  A death drake (shapeshifter) (D)
  A fire crab (shapeshifter) (D)
  A deep troll (shapeshifter) (D)
  A flayed ghost (D)
  4 skeletal warriors (D)
  2 swamp dragons (shapeshifter) (D)
  3 deep elf archers (D)
  3 glowing orange brains (shapeshifter) (D)
  2 lindwurms (shapeshifter) (D)
  A mana viper (shapeshifter) (D)
  A hill giant (shapeshifter) (D)
  A mana viper (D)
  4 orc knights (D)
  An orb spider (shapeshifter) (D)
  A wolf spider (shapeshifter) (D)
  A wolf spider (D)
  A necromancer (D)
  20 deep elf magi (D)
  6 hornets (D)
  3 orc sorcerers (D)
  An orb spider (D)
  A manticore (shapeshifter) (D)
  A cyclops (shapeshifter) (D)
  A cyclops (D)
  A salamander (shapeshifter) (D)
  Joseph (D)
  A moth of wrath (shapeshifter) (D)
  A black mamba (shapeshifter) (D)
  3 naga magi (D)
  A worldbinder (D)
  3 large abominations (D)
  Psyche (D)
  A water nymph (shapeshifter) (D)
  2 black mambas (D)
  A guardian serpent (D)
  2 elephants (shapeshifter) (D)
  A spiny frog (shapeshifter) (D)
  2 hellions (D)
  An orange demon (D)
  A spiny frog (D)
  5 yaktaurs (D)
  2 rime drakes (D)
  A hellwing (D)
  A tormentor (D)
  3 demonic crawlers (D)
  2 red devils (D)
  A jumping spider (shapeshifter) (D)
  6 jumping spiders (D)
  3 merfolk (D)
  A raiju (D)
  A wind drake (shapeshifter) (D)
  A merfolk (shapeshifter) (D)
  2 two-headed ogres (shapeshifter) (D)
  A blink frog (shapeshifter) (D)
  A hippogriff (shapeshifter) (D)
  A raiju (shapeshifter) (D)
  4 shadows (D)
  4 spriggans (D)
  3 starcursed masses (D)
  3 air elementals (D)
  A yak (D)
  A tarantella (shapeshifter) (D)
  A flying skull (D)
  A ynoxinul (D)
  A redback (D)
  A wyvern (D)
  3 vampires (D)
  A yak (shapeshifter) (D)
  4 fire elementals (D)
  Grum (D)
  2 tarantellas (D)
  A golden eye (shapeshifter) (D)
  4 wraiths (D)
  2 steam dragons (D)
  A basilisk (shapeshifter) (D)
  A neqoxec (D)
  Menkaure (D)
  2 swamp worms (shapeshifter) (D)
  Edmund (D)
  2 nagas (D)
  A warg (D)
  6 hell hounds (D)
  2 water moccasins (D)
  Duvessa (D)
  A swamp drake (D)
  3 black bears (D)
  3 orc warriors (D)
  Purgy (D)
  7 wasps (D)
  A black bear (shapeshifter) (D)
  A phantom (D)
  7 necrophages (D)
  2 centaurs (D)
  3 wolves (D)
  Blork the orc (D)
  3 earth elementals (D)
  2 scorpions (D)
  5 wights (D)
  2 crimson imps (D)
  A quasit (D)
  2 iron imps (D)
  An orc priest (D)
  2 iguanas (D)
  Terence (D)
  Ijyb (D)
  2 orc wizards (D)
  4 adders (D)
  A river rat (shapeshifter) (D)
  2 shadow imps (D)
  4 white imps (D)
  An ooze (shapeshifter) (D)
  3 ufetubi (D)
  4 adder skeletons (D)
  8 adder zombies (D)
  2 ball lightnings (D)
  5 ball pythons (D)
  11 bat skeletons (D)
  3 bat zombies (D)
  A ball python skeleton (D)
  2 ball python zombies (D)
  3 giant cockroach zombies (D)
  A jackal skeleton (D)
  3 leopard gecko skeletons (D)
  A leopard gecko zombie (D)
  18 crawling corpses (D)
  5 fire vortices (D)
517 creatures vanquished.

Vanquished Creatures (others)
  Donald (D)
  Josephine (D)
  Sonja (D)
  Grinder (D)
  Eustachio (D)
  Dowan (D)
  Crazy Yiuf (D)
  Jessica (D)
  2 ball lightnings (D)
  A ball python (D)
11 creatures vanquished.

Grand Total: 528 creatures vanquished

Notes
Turn   | Place    | Note
-------+----------+-------------------------------------------
     0 | D        | Loading the Formicid Fighter began the quest for the Orb.
     0 | D        | Reached XP level 1. HP: 18/18 MP: 1/1
     1 | D        | Killed Jessica
     3 | D        | Found a blossoming altar of Fedhas.
     7 | D        | Found a deep blue altar of Sif Muna.
     7 | D        | Found a sacrificial altar of Ru.
     7 | D        | Found a bloodstained altar of Trog.
     7 | D        | Found a stormy altar of Qazlal.
     7 | D        | Found an iron altar of Okawaru.
     7 | D        | Found a sparkling altar of Nemelex Xobeh.
     9 | D        | Found an ancient bone altar of Kikubaaqudgha.
     9 | D        | Found a viscous altar of Jiyva.
     9 | D        | Found a corrupted altar of Lugonu.
     9 | D        | Found a hazy altar of Hepliaklqana.
     9 | D        | Found a burning altar of Makhleb.
     9 | D        | Found an opulent altar of Gozag.
    96 | D        | Killed Josephine
   101 | D        | Became a worshipper of Qazlal Stormbringer
   113 | D        | Reached XP level 2. HP: 24/24 MP: 2/2
   123 | D        | Entered arena 1.
   123 | D        | Noticed a hell hound
   123 | D        | Noticed a fire elemental
   127 | D        | Killed a fire elemental
   127 | D        | Reached skill level 5 in Shields
   127 | D        | Reached skill level 5 in Invocations
   127 | D        | Reached XP level 3. HP: 22/32 MP: 2/6
   127 | D        | Reached XP level 4. HP: 27/38 MP: 2/7
   127 | D        | Reached XP level 5. HP: 30/43 MP: 2/8
   139 | D        | Killed a hell hound
   139 | D        | Reached skill level 5 in Fighting
   139 | D        | Reached skill level 5 in Armour
   139 | D        | Reached XP level 6. HP: 32/51 MP: 3/10
   258 | D        | Entered arena 2.
   264 | D        | Reached * piety under Qazlal
   360 | D        | Entered arena 3.
   360 | D        | Noticed a soul eater
   362 | D        | Reached ** piety under Qazlal
   372 | D        | Killed a soul eater
   372 | D        | Reached XP level 7. HP: 47/60 MP: 11/14
   372 | D        | Reached XP level 8. HP: 52/67 MP: 11/15
   441 | D        | Entered arena 4.
   445 | D        | Reached *** piety under Qazlal
   449 | D        | Reached skill level 10 in Invocations
   510 | D        | Entered arena 5.
   510 | D        | Noticed a jumping spider
   510 | D        | Noticed a tarantella
   510 | D        | Noticed a jumping spider
   517 | D        | Reached **** piety under Qazlal
   518 | D        | Killed a jumping spider
   519 | D        | Killed a jumping spider
   519 | D        | Reached XP level 9. HP: 13/74 MP: 15/17
   813 | D        | Entered arena 6.
   813 | D        | Noticed a merfolk
   813 | D        | Noticed a cyclops
   813 | D        | Noticed a merfolk
   813 | D        | Noticed a merfolk
   814 | D        | Reached ***** piety under Qazlal
   819 | D        | Killed a merfolk
   819 | D        | Killed a merfolk
   819 | D        | Killed a cyclops
   819 | D        | Reached skill level 10 in Shields
   819 | D        | Killed a merfolk
   819 | D        | Reached XP level 10. HP: 79/83 MP: 14/19
   868 | D        | Entered arena 7.
   868 | D        | Noticed a rime drake
   868 | D        | Noticed a rime drake
   872 | D        | Killed a rime drake
   873 | D        | Killed a rime drake
   875 | D        | Reached ****** piety under Qazlal
   976 | D        | Entered arena 8.
   976 | D        | Noticed a six-headed hydra
   976 | D        | Noticed a spiny frog
   980 | D        | Reached skill level 10 in Fighting
   981 | D        | Killed a spiny frog
   981 | D        | Reached skill level 10 in Armour
   982 | D        | Killed a six-headed hydra
  1067 | D        | Entered arena 9.
  1067 | D        | Noticed a spriggan rider
  1067 | D        | Noticed a spriggan rider
  1067 | D        | Noticed a spriggan rider
  1075 | D        | Reached XP level 11. HP: 92/92 MP: 21/21
  1083 | D        | Reached skill level 15 in Invocations
  1199 | D        | Entered arena 10.
  1245 | D        | Got the ring of the Firefly {MR+ Slay+5}
  1251 | D        | Entered arena 11.
  1251 | D        | Noticed a ghost moth
  1251 | D        | Noticed a hornet
  1252 | D        | Noticed a hornet
  1255 | D        | Killed a hornet
  1257 | D        | Reached skill level 15 in Maces & Flails
  1257 | D        | Killed a hornet
  1261 | D        | Killed a ghost moth
  1346 | D        | Killed Dowan
  1557 | D        | Entered arena 12.
  1558 | D        | Noticed an anaconda
  1561 | D        | Killed an anaconda
  1561 | D        | Reached XP level 12. HP: 102/102 MP: 24/24
  1621 | D        | Entered arena 13.
  1622 | D        | Noticed a fire giant
  1622 | D        | Noticed a fire giant
  1623 | D        | Noticed a fire giant
  1623 | D        | Killed a fire giant
  1631 | D        | Killed a fire giant
  1635 | D        | Killed a fire giant
  1676 | D        | Entered arena 14.
  1728 | D        | Entered arena 15.
  1729 | D        | Noticed a ghost moth
  1729 | D        | Noticed an entropy weaver
  1731 | D        | Reached XP level 13. HP: 101/111 MP: 16/26
  1731 | D        | Killed a ghost moth
  1731 | D        | Killed an entropy weaver
  1731 | D        | Reached skill level 15 in Shields
  1825 | D        | Entered arena 16.
  1827 | D        | Noticed an anaconda
  1828 | D        | Noticed a naga warrior
  1828 | D        | Noticed a naga warrior
  1829 | D        | Noticed a naga warrior
  1829 | D        | Noticed a naga warrior
  1833 | D        | Killed an anaconda
  1845 | D        | Killed a naga warrior
  1848 | D        | Killed a naga warrior
  1849 | D        | Killed a naga warrior
  1855 | D        | Killed a naga warrior
  2189 | D        | Got the ring of Bompes {rF+ Str+7}
  2199 | D        | Identified a +2 pair of boots of running (You found it in the Dungeon)
  2204 | D        | Entered arena 17.
  2309 | D        | Entered arena 18.
  2311 | D        | Noticed a starcursed mass
  2313 | D        | Reached XP level 14. HP: 96/121 MP: 28/28
  2313 | D        | Reached skill level 15 in Fighting
  2315 | D        | Reached skill level 15 in Armour
  2401 | D        | Entered arena 19.
  2405 | D        | Noticed a stone giant
  2405 | D        | Noticed a shadow dragon
  2406 | D        | Noticed a lich
  2408 | D        | Killed a lich
  2408 | D        | Killed a stone giant
  2415 | D        | Killed a shadow dragon
  2415 | D        | Killed Crazy Yiuf
  2417 | D        | Reached XP level 15. HP: 124/132 MP: 22/30
  2431 | D        | Killed Donald
  2530 | D        | Entered arena 20.
  2530 | D        | Noticed Edmund
  2531 | D        | Noticed Jory
  2531 | D        | Noticed Agnes
  2532 | D        | Noticed Terence
  2532 | D        | Killed Edmund
  2533 | D        | Killed Terence
  2533 | D        | Killed Agnes
  2534 | D        | Noticed the Enchantress
  2534 | D        | Noticed the Serpent of Hell
  2534 | D        | Noticed Kirke
  2535 | D        | Noticed a golden dragon
  2535 | D        | Noticed Saint Roka
  2535 | D        | Noticed Azrael
  2535 | D        | Noticed Margery
  2536 | D        | Noticed Rupert
  2536 | D        | Noticed Menkaure
  2536 | D        | Noticed Cerebov
  2536 | D        | Noticed Dispater
  2536 | D        | Noticed Gastronok
  2536 | D        | Noticed Aizul
  2536 | D        | Noticed Murray
  2536 | D        | Noticed Joseph
  2537 | D        | Noticed Khufu
  2537 | D        | Noticed Duvessa
  2537 | D        | Killed Kirke
  2537 | D        | Killed Azrael
  2537 | D        | Killed Joseph
  2537 | D        | Killed Margery
  2537 | D        | Killed Duvessa
  2537 | D        | Killed Saint Roka
  2537 | D        | Killed Rupert
  2537 | D        | Killed Aizul
  2538 | D        | Noticed Nergalle
  2539 | D        | Killed Gastronok
  2539 | D        | Killed Menkaure
  2539 | D        | Killed Murray
  2539 | D        | Killed Nergalle
  2539 | D        | Killed Khufu
  2539 | D        | Reached XP level 16. HP: 96/142 MP: 17/32
  2540 | D        | Noticed a storm dragon
  2540 | D        | Killed Jory
  2540 | D        | Killed the Serpent of Hell
  2540 | D        | Killed the Enchantress
  2543 | D        | Noticed Harold
  2544 | D        | Killed Harold
  2546 | D        | Killed Dispater
  2547 | D        | Killed Cerebov
  2547 | D        | Reached skill level 27 in Invocations
  2547 | D        | Reached XP level 17. HP: 108/155 MP: 18/34
  2570 | D        | Killed Grinder
  2681 | D        | Killed Sonja
  2733 | D        | Entered arena 21.
  2735 | D        | Killed Eustachio
  2836 | D        | Got the amulet of Generosity {+Rage rElec rPois rC+++ Str-2}
  2842 | D        | Entered arena 22.
  2852 | D        | Noticed a lich
  2857 | D        | Noticed a lich
  2860 | D        | Killed a lich
  2860 | D        | Killed a lich
  2974 | D        | Entered arena 23.
  2979 | D        | Noticed a deep elf master archer
  2979 | D        | Noticed a deep elf master archer
  2979 | D        | Noticed a deep elf master archer
  2980 | D        | Identified the +3 flail "Kouguaps" {holy, +Fly rPois MR- Dex+3}
  2981 | D        | Noticed a deep elf master archer
  2981 | D        | Noticed a deep elf master archer
  2981 | D        | Noticed a deep elf blademaster
  2982 | D        | Noticed a deep elf blademaster
  2982 | D        | Reached skill level 1 in Evocations
  2982 | D        | Reached skill level 27 in Maces & Flails
  2982 | D        | Killed a deep elf master archer
  2982 | D        | Reached skill level 5 in Evocations
  2982 | D        | Reached XP level 18. HP: 142/168 MP: 35/35
  2982 | D        | Killed a deep elf master archer
  2982 | D        | Killed a deep elf master archer
  2983 | D        | Noticed a deep elf master archer
  2984 | D        | Reached skill level 10 in Evocations
  2984 | D        | Killed a deep elf master archer
  2984 | D        | Killed a deep elf blademaster
  2984 | D        | Killed a deep elf master archer
  2984 | D        | Killed a deep elf master archer
  2984 | D        | Killed a deep elf blademaster
  3123 | D        | Entered arena 24.
  3129 | D        | Noticed a deep elf master archer
  3129 | D        | Noticed a deep elf blademaster
  3130 | D        | Noticed a deep elf master archer
  3130 | D        | Noticed a deep elf master archer
  3131 | D        | Killed a deep elf master archer
  3131 | D        | Killed a deep elf master archer
  3131 | D        | Killed a deep elf blademaster
  3131 | D        | Reached XP level 19. HP: 184/184 MP: 36/36
  3131 | D        | Reached skill level 27 in Shields
  3134 | D        | Reached skill level 15 in Evocations
  3136 | D        | Reached skill level 27 in Fighting
  3136 | D        | Reached skill level 27 in Armour
  3436 | D        | Got the amulet "Faka" {RegenMP Int+4 Dex+9}
  3470 | D        | Entered arena 25.
  3470 | D        | Noticed Ijyb
  3470 | D        | Noticed Erolcha
  3470 | D        | Noticed Blork the orc
  3471 | D        | Noticed Grum
  3471 | D        | Noticed Geryon
  3471 | D        | Noticed Urug
  3471 | D        | Noticed Snorg
  3473 | D        | Noticed Purgy
  3473 | D        | Noticed Psyche
  3476 | D        | Noticed Lom Lobon
  3476 | D        | Noticed Frederick
  3477 | D        | Noticed Mennas
  3477 | D        | Noticed Asmodeus
  3477 | D        | Noticed Ilsuiw
  3479 | D        | Killed Grum
  3479 | D        | Killed Ijyb
  3479 | D        | Killed Blork the orc
  3479 | D        | Killed Psyche
  3479 | D        | Killed Urug
  3479 | D        | Killed Erolcha
  3480 | D        | Killed Frederick
  3480 | D        | Killed Mennas
  3480 | D        | Killed Purgy
  3480 | D        | Killed Snorg
  3480 | D        | Killed Geryon
  3481 | D        | Noticed Roxanne
  3481 | D        | Killed Asmodeus
  3484 | D        | Killed Ilsuiw
  3484 | D        | Killed Lom Lobon
  3484 | D        | Reached XP level 20. HP: 142/197 MP: 16/37
  3641 | D        | Killed Roxanne
  3641 | D        | Reached skill level 27 in Evocations
  3743 | D        | Entered arena 26.
  3751 | D        | Noticed a caustic shrike
  3751 | D        | Noticed a shard shrike
  3751 | D        | Noticed a juggernaut
  3751 | D        | Noticed a golden dragon
  3751 | D        | a caustic shrike changed into a golden dragon
  3751 | D        | Noticed a hellephant
  3751 | D        | a juggernaut changed into a hellephant
  3751 | D        | Noticed a hellephant
  3751 | D        | a shard shrike changed into a hellephant
  3752 | D        | Noticed a shard shrike
  3752 | D        | Noticed a hellephant
  3752 | D        | Noticed a hellephant
  3752 | D        | a glowing shapeshifter changed into a hellephant
  3752 | D        | Noticed an iron giant
  3752 | D        | a golden dragon changed into an iron giant
  3753 | D        | Noticed a juggernaut
  3753 | D        | Noticed a juggernaut
  3753 | D        | a shard shrike changed into a juggernaut
  3753 | D        | Noticed a juggernaut
  3753 | D        | a hellephant changed into a juggernaut
  3753 | D        | Noticed a golden dragon
  3753 | D        | a titan changed into a golden dragon
  3754 | D        | Reached skill level 5 in Dodging
  3754 | D        | Reached skill level 10 in Dodging
  3754 | D        | Killed a juggernaut
  3754 | D        | Killed a hellephant
  3755 | D        | a golden dragon changed into an iron dragon
  3756 | D        | Noticed a hellephant
  3756 | D        | a juggernaut changed into a hellephant
  3756 | D        | Noticed a golden dragon
  3756 | D        | an iron dragon changed into a golden dragon
  3757 | D        | Killed a hellephant
  3757 | D        | Killed a hellephant
  3757 | D        | Killed a hellephant
  3757 | D        | Killed a golden dragon
  3757 | D        | Killed an iron giant
  3759 | D        | Killed a juggernaut
  3928 | D        | Entered arena 27.
  3938 | D        | Noticed a lich
  3939 | D        | Noticed a lich
  3940 | D        | Reached XP level 21. HP: 204/204 MP: 38/38
  3940 | D        | Killed a lich
  3940 | D        | Reached skill level 27 in Dodging
  3940 | D        | Reached skill level 10 in Spellcasting
  3942 | D        | Reached skill level 15 in Spellcasting
  4148 | D        | Got the Orb of Zot
  4153 | D        | Escaped with the Orb!

Vault maps used:
D:        sprint_v

Skill      XL: |  1  2  3  4  5  6  7  8  9 10 11 12 13 14 15 16 17 18 19 20 21 |
---------------+----------------------------------------------------------------+-----
Maces & Flails | 7 9 11 12 13 14 15 17 19 20 22 25 27 | 27.0
Fighting       | 4 5 7 8 9 10 12 13 14 16 18 20 22 25 27 | 27.0
Armour         | 4 5 7 8 9 10 12 13 14 16 18 20 22 25 27 | 27.0
Shields        | 5 6 8 9 10 11 13 14 16 17 19 21 23 26 27 | 27.0
Invocations    | 5 6 9 11 12 14 16 18 20 22 25 27 | 27.0
Evocations     | 6 14 26 27 | 27.0
Dodging        | 22 27 | 27.0
Spellcasting   | 18 | 18.7

Action                   |  1- 3 |  4- 6 |  7- 9 | 10-12 | 13-15 | 16-18 | 19-21 || total
-------------------------+-------+-------+-------+-------+-------+-------+-------++-------
Melee: Great mace        |     4 |    26 |    22 |    56 |    56 |    18 |    11 ||   193
Invok: Upheaval          |       |       |     1 |       |       |       |     3 ||     4
       Disaster Area     |       |       |       |     4 |     8 |    12 |    12 ||    36
  Use: Potion            |     1 |       |       |       |     1 |     3 |       ||     5
  Eat: Chunk             |       |       |       |     1 |       |       |       ||     1
       Fruit             |       |       |       |     6 |       |    11 |       ||    17
Armor: Gold dragon armou |     1 |     5 |       |       |       |       |       ||     6
       Crystal plate arm |       |    17 |    27 |    61 |    30 |    11 |    13 ||   159
Dodge: Dodged            |       |       |     1 |     8 |     2 |     1 |     3 ||    15
       Deflected         |       |       |       |       |       |       |     4 ||     4
Block: Shield            |     8 |    41 |    63 |   148 |   110 |    45 |    37 ||   452
